 Dungeon Crawl Stone Soup version 0.30-a0-908-g5a111fc481 (webtiles) character file.

Game seed: 6988002106678774826

17 theswoord the Slasher (level 2, -1/19 HPs)
             Began as a Gargoyle Berserker on Mar 19, 2023.
             Was a Follower of Trog.
             Slain by a gnoll
             ... wielding a +0 spear
              (3 damage)
             ... on level 1 of the Dungeon.
             The game lasted 00:00:34 (472 turns).

theswoord the Slasher (Gargoyle Berserker)           Turns: 472, Time: 00:00:35

Health: -1/19      AC:  6    Str: 20    XL:     2   Next: 62%
Magic:  2/2        EV: 11    Int:  7    God:    Trog [*.....]
Gold:   31         SH:  0    Dex:  9    Spells: 1/1 levels left

rFire   . . .      SeeInvis .    a - +0 falchion
rCold   . . .      Faith    .    (no shield)
rNeg    + . .      Spirit   .    b - +0 animal skin
rPois   ∞          Reflect  .    (no helmet)
rElec   +          Rampage  .    (no cloak)
rCorr   .                        (no gloves)
Will    .....                    f - +0 pair of boots
Stlth   +                        (no amulet)
HPRegen 0.23/turn                (no ring)
MPRegen 0.08/turn                (no ring)

@: no status effects
A: sickness immunity, AC +2, negative energy resistance 1, electricity
resistance, torment resistance 1, petrification resistance
a: Renounce Religion, Berserk


You were on level 1 of the Dungeon.
You worshipped Trog.
Trog was aware of your devotion.
You visited 1 branch of the dungeon, and saw 1 of its levels.

You collected 31 gold pieces.

Inventory:

Hand Weapons
 a - a +0 falchion (weapon)
Armour
 b - a +0 animal skin (worn)
 f - a +0 pair of boots (worn)
Scrolls
 d - a scroll of magic mapping {unknown}
 e - 2 scrolls of teleportation {unknown}
 h - 2 scrolls of identify {unknown}
Potions
 c - a potion of attraction {unknown}
 g - a potion of cancellation {unknown}


   Skills:
 - Level 3.2 Fighting
 + Level 3.5 Long Blades
 - Level 2.1 Armour
 - Level 1.5 Dodging


You had one spell level left.
You didn't know any spells.
Your spell library was empty.

Dungeon Overview and Level Annotations

Branches:
Dungeon (1/15)

Altars:


Innate Abilities, Weirdness & Mutations

You are immune to sickness and miasma.
Your stone body is resilient. (AC +2)
You are immune to poison.
You resist negative energy. (rN+)
You are resistant to electric shocks. (rElec)
You are resistant to unholy torment.
You are immune to petrification.


Message History

The bat moves out of view.
A goblin is nearby!
A goblin is nearby!
A goblin is nearby!
A rat comes into view.
A gnoll comes into view. It is wielding a +0 spear.
A rat comes into view.
The rat moves out of view.
Found a stone staircase leading down.
The gnoll shouts!
You hear an angry hiss.
The goblin misses you.
You hit the goblin.
A ball python comes into view.
The goblin misses you.
You hit the goblin.
You kill the goblin!
Trog accepts your kill. The bat misses you. The bat barely misses you.
You hit the bat but do no damage. The bat barely misses you.
The gnoll hits you but does no damage. The bat misses you.
You hit the bat.
You kill the bat!
Trog accepts your kill.
The gnoll hits you from afar with a +0 spear. x2
The gnoll hits you with a +0 spear.
Things that are here:
a +0 club; a bat corpse; a goblin corpse You hit the gnoll but do no damage.
The gnoll hits you with a +0 spear.
* * * LOW HITPOINT WARNING * * *
You closely miss the gnoll. The gnoll hits you but does no damage.
You barely miss the gnoll. The gnoll hits you with a +0 spear!
* * * LOW HITPOINT WARNING * * *
You hit the gnoll. The gnoll closely misses you.
You barely miss the gnoll. The gnoll barely misses you.
You hit the gnoll. The gnoll hits you with a +0 spear.
* * * LOW HITPOINT WARNING * * *
You closely miss the gnoll. You punch the gnoll, but do no damage.
The gnoll barely misses you.
You hit the gnoll. The gnoll hits you with a +0 spear.
You die...

.......................#
##.#....#.#..###....####
.#.#....#.#....#....#
.#........#....#.####
.##########....#.#
...............#.#
........#......#.#
.######.###..#.#.# .#
#........#@#
################g#
.......


Sr# ###### ..r. ..# #.... ..# #...>. ..# #..... ..# #...... ..# You could see a
gnoll, a ball python and 2 rats.

Vanquished Creatures
  2 ball pythons (D:1)
  2 giant cockroaches (D:1)
  A goblin (D:1)
  2 hobgoblins (D:1)
  3 kobolds (D:1)
  A quokka (D:1)
  A bat (D:1)
  4 rats (D:1)
16 creatures vanquished.

Notes
Turn   | Place    | Note
-------+----------+-------------------------------------------
     0 | D:1      | theswoord the Gargoyle Berserker began the quest for the
                  | Orb.
     0 | D:1      | Reached XP level 1. HP: 14/14 MP: 1/1
    86 | D:1      | Reached XP level 2. HP: 19/19 MP: 2/2
   472 | D:1      | Slain by a gnoll

Skill      XL: |  1 |
---------------+----+-----
Long Blades    | 3 |  3.5
Fighting       | |  3.2
Armour         | |  2.1
Dodging        | |  1.5

Action                     || total
---------------------------++-------
  Melee: Falchion          ||    66
         Punch             ||     2
 Armour: Animal skin       ||    18
  Dodge: Dodged            ||    41

Levels and vault maps discovered:
D:1:      lightli_arrival_boilingwater, layout_basic
